 Dungeon Crawl Stone Soup version 0.31-a0-795-g5eb97db20b (webtiles) character file.

Game seed: 6095310647723292899

7439 quakins the Cleaver (level 10, -2/145 HPs)
             Began as a Minotaur Berserker on Sept 19, 2023.
             Was a Priest of Trog.
             Slain by a white very ugly thing (20 damage)
             ... on level 4 of the Abyss.
             The game lasted 00:18:35 (8729 turns).

quakins the Cleaver (Minotaur Berserker)            Turns: 8729, Time: 00:18:36

Health: -2/145     AC: 15    Str: 26    XL:     10   Next: 93%
Magic:  9/9        EV:  8    Int:  4    God:    Trog [***...]
Gold:   451        SH:  5    Dex: 10    Spells: 9/9 levels left

rFire   + + +        g - +5 battleaxe
rCold   + . .        (shield currently unavailable)
rNeg    . . .        r - +0 plate armour
rPois   .            (helmet restricted)
rElec   .            (no cloak)
rCorr   .            w - +0 pair of gloves
SInv    +            (no boots)
Will    .....        K - amulet of reflection Stlth
                     l - ring "Ocaozeirch" {Drain Fly rF+++ rC+ Stlth-}
HPRegen 0.44/turn    e - ring of see invisible
MPRegen 0.11/turn

%: reflection
@: berserking, flying, very quick
A: horns 2, retaliatory headbutt
a: Renounce Religion, Berserk, Trog's Hand


You were on level 4 of the Abyss.
You worshipped Trog.
Trog was most pleased with you.
You visited 1 branch of the dungeon, and saw 9 of its levels.
You visited the Abyss 1 time.
You also visited: Ossuary.

You collected 451 gold pieces.

Inventory:

Hand Weapons
 g - a +5 battleaxe (weapon)
Missiles
 c - 9 javelins
 k - 15 boomerangs (quivered)
 v - 3 poisoned darts
 D - 2 throwing nets
Armour
 r - a +0 plate armour (worn)
 w - a +0 pair of gloves (worn)
Jewellery
 e - a ring of see invisible (right hand)
 l - the ring "Ocaozeirch" (left hand) {Drain Fly rF+++ rC+ Stlth-}
   (You found it on level 8 of the Dungeon)

   [ring of protection from cold]

   rF+++:     It renders you almost immune to fire.
   rC+:       It protects you from cold.
   Fly:       It grants you flight.
   Drain:     It drains your maximum health when unequipped.
   Stlth-:    It makes you less stealthy.
 F - a ring of positive energy
 K - an amulet of reflection (around neck)
Talismans
 x - a flux talisman
 L - a maw talisman
Wands
 o - a wand of iceblast (14)
 q - a wand of mindburst (5)
 u - a wand of polymorph (11)
 H - a wand of paralysis (8)
Scrolls
 d - 3 scrolls of poison
 f - 3 scrolls of enchant armour
 i - 2 scrolls of revelation
 m - 3 scrolls of fear {unknown}
 n - 2 scrolls of blinking {unknown}
 y - a scroll of noise {unknown}
 B - 3 scrolls of enchant weapon {unknown}
 E - a scroll of acquirement {unknown}
 G - a scroll of identify
 I - a scroll of vulnerability {unknown}
Potions
 a - a potion of heal wounds {unknown}
 b - 3 potions of brilliance {unknown}
 h - 6 potions of curing
 p - a potion of mutation {unknown}
 s - 2 potions of lignification {unknown}
 t - 2 potions of resistance {unknown}
 z - 4 potions of haste {unknown}
 A - a potion of magic {unknown}
 C - a potion of enlightenment {unknown}
Miscellaneous
 J - a lightning rod (4/4)


   Skills:
 + Level 11.8 Fighting
 - Level 14.0 Axes
 - Level 10.0 Armour
 - Level 2.1 Dodging


You had 9 spell levels left.
You didn't know any spells.
Your spell library was empty.

Dungeon Overview and Level Annotations

Branches:
Dungeon (9/15)             Temple (0/1) D:4         Ossuary (visited)
   Lair: D:8-11         Orc: D:9-12

Altars:
Cheibriados
Kikubaaqudgha
Makhleb
Nemelex Xobeh
Okawaru
Trog
Vehumet
Xom
Zin

Shops:
D:4 ([(   D:8 (

Annotations:
D:6 1 runed translucent door, ratmeat3's ghost, novice TrSh
D:9 Erolcha


Innate Abilities, Weirdness & Mutations

You have a pair of horns on your head.
You reflexively headbutt those who attack you in melee.


Message History

The thrashing horror tramples you.
You hold your ground!
The thrashing horror attacks as it pursues you!
The thrashing horror closely misses you.
The thrashing horror tramples you.
You are shoved backwards!
The thrashing horror tramples you but does no damage. x4
You are suddenly pulled into a different region of the Abyss!
Your skin crawls.
You feel strong-willed.
Okay, then.
You feel the effects of Trog's Hand fading.
A raiju comes into view.
Your skin stops crawling.
You feel less strong-willed.
You feel your health improve.
The raiju bursts into living lightning!
The living lightning hits you!
The raiju blinks!
You hear a horrible gurgling sound!
You completely miss the raiju. Your headbutt misses the raiju.
You hear a bark!
The raiju bites you but does no damage.
You barely miss the raiju.
A white very ugly thing comes into view.
The raiju bursts into living lightning!
The living lightning hits you!
* * * LOW HITPOINT WARNING * * *
The raiju blinks!
A red film seems to cover your vision as you go berserk!
You feel yourself moving faster!
You feel mighty! The raiju bites you but does no damage.
The white very ugly thing pecks you.
* * * LOW HITPOINT WARNING * * *
The white very ugly thing freezes you!! You resist.
* * * LOW HITPOINT WARNING * * *
You slice the raiju like a ripe choko!!!
You kill the raiju!
Trog accepts your kill.
You closely miss the white very ugly thing.
You hear a bark! x2
You slice the white very ugly thing!! You headbutt the white very ugly thing!
The white very ugly thing is heavily wounded.
The white very ugly thing pecks you!!
You die... h

.## # ..# #.#..
#.. . ... ..# #
#. # .. .....
#..##. ###.#
.##.
......#####...##
#..# #
......u.....#..#
..##.
..##..@###.#...#
..#.. #.#...#
..#.##.###. ..
.####... ...##
..# ... ..
#####..#... #.
#.. #..
#.#.#...#.. #.
#.. ...#.#.. # .
... # . ##..# .
.... .... ..##.#
...### .####.


You could see a white very ugly thing.

Vanquished Creatures
  2 two-headed ogres (D:9)
  A sun demon (Abyss:3)
  Maggie (D:9)
  Psyche (D:9)
  An ancient zyme (Abyss:3)
  Prince Ribbit (D:8)
  A blink frog (Abyss:3)
  3 raiju
  A small abomination (Abyss:3)
  A wyvern (D:8)
  A steam dragon (D:8)
  An acid dragon (D:9)
  2 large abominations (Abyss:3)
  2 water moccasins
  An ice beast (D:6)
  A black bear (D:6)
  A sky beast (D:7)
  2 ogres
  A phantom (D:6)
  2 centaurs
  2 bullfrogs (D:7)
  A gnoll sergeant (D:7)
  2 scorpions
  A wyvern zombie (Ossuary)
  A water moccasin zombie (Ossuary)
  4 wights (D:7)
  6 killer bees (D:9)
  2 electric eels (D:8)
  3 centaur zombies (Ossuary)
  6 bullfrog zombies (Ossuary)
  4 hounds
  3 orc priests
  2 jellies
  Terence (D:2)
  A sleepcap (D:7)
  An iguana (D:6)
  5 orc wizards
  2 killer bee zombies (Ossuary)
  14 mummies (Ossuary)
  2 howler monkey zombies (Ossuary)
  9 gnolls
  6 adders
  2 shadow imps
  A white imp (D:3)
  4 worms
  A dart slug (D:5)
  14 orcs
  4 bats
  8 endoplasms
  2 giant cockroaches
  13 hobgoblins
  3 jackals (D:1)
  10 kobolds
  5 quokkas
  4 ball pythons
  4 frilled lizards
  13 goblins
  6 rats
199 creatures vanquished.

Notes
Turn   | Place    | Note
-------+----------+-------------------------------------------
     0 | D:1      | quakins the Minotaur Berserker began the quest for the Orb.
     0 | D:1      | Reached XP level 1. HP: 19/19 MP: 0/0
    74 | D:1      | Reached skill level 4 in Axes
   107 | D:1      | Reached XP level 2. HP: 26/26 MP: 1/1
   341 | D:1      | Reached ** piety under Trog
   381 | D:1      | Reached skill level 5 in Axes
   666 | D:2      | Reached XP level 3. HP: 31/31 MP: 2/2
   666 | D:2      | Found a shimmering altar of Xom.
   711 | D:2      | You fall into a shaft and drop 1 floor!
   828 | D:2      | Noticed Terence
   835 | D:2      | Killed Terence
   836 | D:2      | Reached skill level 6 in Axes
   836 | D:2      | Reached XP level 4. HP: 39/39 MP: 3/3
  1574 | D:3      | Reached XP level 5. HP: 21/45 MP: 4/4
  1681 | D:3      | Reached *** piety under Trog
  1682 | D:3      | Reached skill level 7 in Axes
  1977 | D:4      | Found a staircase to the Ecumenical Temple.
  2007 | D:4      | Found Timpurog's Armour Shop.
  2135 | D:4      | Found Jexoen's Antique Weapon Shop.
  2378 | D:4      | Found Isiklum's Antique Weapon Emporium.
  2565 | D:5      | Entered Level 5 of the Dungeon
  2565 | D:5      | Noticed a centaur
  2787 | D:5      | Killed a centaur
  2788 | D:5      | Reached skill level 8 in Axes
  2788 | D:5      | Reached XP level 6. HP: 51/51 MP: 5/5
  3069 | D:5      | Found a snail-covered altar of Cheibriados.
  3440 | D:6      | Noticed a water moccasin
  3440 | D:6      | Found an iron altar of Okawaru.
  3447 | D:5      | Killed a water moccasin
  3448 | D:5      | Reached skill level 9 in Axes
  3666 | D:6      | Found a sand-covered staircase.
  3691 | Ossuary  | Entered an ossuary
  3734 | Ossuary  | Reached XP level 7. HP: 52/57 MP: 6/6
  3746 | Ossuary  | Reached skill level 10 in Axes
  3809 | Ossuary  | Reached skill level 5 in Fighting
  4145 | Ossuary  | Reached XP level 8. HP: 73/73 MP: 7/7
  4574 | D:6      | Found a bloodstained altar of Trog.
  4606 | D:6      | Found a runed translucent door.
  4632 | D:6      | Noticed ratmeat3's ghost (novice TrSh)
  4632 | D:6      | Noticed a manticore
  4635 | D:6      | Identified the +1 whip "Zucadimi" {freeze, Str+4}
  4784 | D:6      | Reached **** piety under Trog
  4810 | D:6      | Found a glowing silver altar of Zin.
  4810 | D:6      | Found a radiant altar of Vehumet.
  4871 | D:6      | Reached skill level 10 in Fighting
  4951 | D:6      | Found a sparkling altar of Nemelex Xobeh.
  5320 | D:7      | Reached skill level 11 in Axes
  5325 | D:7      | Reached XP level 9. HP: 60/84 MP: 8/8
  5627 | D:7      | Reached skill level 12 in Axes
  6164 | D:8      | Found a burning altar of Makhleb.
  6226 | D:8      | Reached skill level 13 in Axes
  6583 | D:8      | Noticed Prince Ribbit
  6594 | D:8      | Killed Prince Ribbit
  6640 | D:8      | Found Fozam's Antique Weapon Shoppe.
  6669 | D:8      | Identified the ring "Ocaozeirch" {Drain Fly rF+++ rC+
                  | Stlth-}
  6753 | D:8      | Reached skill level 14 in Axes
  6766 | D:8      | Found an ancient bone altar of Kikubaaqudgha.
  7413 | D:9      | Noticed a two-headed ogre
  7422 | D:9      | Killed a two-headed ogre
  7423 | D:9      | Reached XP level 10. HP: 93/93 MP: 9/9
  7587 | D:9      | Noticed Maggie
  7603 | D:9      | Killed Maggie
  7640 | D:9      | Noticed a two-headed ogre
  7662 | D:9      | Killed a two-headed ogre
  8071 | D:9      | Noticed Psyche
  8084 | D:9      | Killed Psyche
  8143 | D:9      | Noticed Erolcha
  8153 | Abyss:2  | Cast into level 2 of the Abyss (Erolcha)
  8182 | Abyss:2  | Noticed a shadow demon
  8243 | Abyss:3  | Found a shimmering blue altar of Sif Muna.
  8318 | Abyss:3  | Found a shimmering blue altar of Sif Muna.
  8453 | Abyss:3  | Noticed a starcursed mass
  8465 | Abyss:3  | Reached skill level 10 in Armour
  8474 | Abyss:3  | Noticed a lorocyproca
  8487 | Abyss:3  | Noticed a sun demon
  8494 | Abyss:3  | Killed a sun demon
  8501 | Abyss:3  | Noticed a red very ugly thing
  8514 | Abyss:3  | Found a corrupted altar of Lugonu.
  8590 | Abyss:3  | Noticed a spatial maelstrom
  8611 | Abyss:3  | Noticed a tentacled starspawn
  8656 | Abyss:3  | Noticed a shining eye
  8673 | Abyss:4  | Noticed a tentacled monstrosity
  8675 | Abyss:4  | Noticed a thrashing horror
  8676 | Abyss:4  | Noticed a thrashing horror
  8676 | Abyss:4  | Noticed a thrashing horror
  8726 | Abyss:4  | Noticed a white very ugly thing
  8729 | Abyss:4  | Slain by a white very ugly thing

Illustrated notes

Levels and vault maps discovered:
D:1:      dpeg_arrival_simpleton_b, layout_rooms
D:2:      layout_basic, basic_altar, uniq_terence
D:3:      layout_basic, grunt_ministairs_9
D:4:      layout_basic, minmay_temple_entry_waves, serial_shops, shop,
          nicolae_shop_tiny_statue_garden, shop
D:5:      layout_rooms, mainiacjoe_overflow_six_doors_small
D:6:      layout_basic, nemelex_dance_club_becter, trog_hazing_becter,
          gammafunk_temple_overflow_elements, mainiacjoe_overflow_chevrons,
          ebering_ghost_inner_flame, enter_ossuary_2
D:7:      layout_loops_ring
D:8:      layout_basic, mainiacjoe_overflow_alcove_2,
          mainiacjoe_overflow_boulevard, serial_shops, shop,
          nicolae_have_a_lightning_rod, uniq_prince_ribbit1
D:9:      layout_roguey, mainiacjoe_overflow_brackets, uniq_erolcha,
          uniq_psyche, uniq_maggie
Abyss:4:  base: D:5, due_exit_kobolds, hangedman_abyss_theft

Skill      XL: |  1  2  3  4  5  6  7  8  9 10 |
---------------+-------------------------------+-----
Axes           | 4 5 6 8 9 10 11 14 | 14.0
Fighting       | 7 10 11 | 11.8
Armour         | 6 10 | 10.0
Dodging        | |  2.1

Action                     |  1- 3 |  4- 6 |  7- 9 | 10-12 || total
---------------------------+-------+-------+-------+-------++-------
  Melee: Hand axe          |    69 |   111 |       |       ||   180
         Headbutt          |    10 |    22 |    40 |    16 ||    88
         War axe           |       |    59 |   169 |       ||   228
         Punch             |       |     1 |     2 |       ||     3
         Whip              |       |       |    23 |       ||    23
         Battleaxe         |       |       |    53 |    66 ||   119
 Invoke: Berserk           |     1 |     4 |     8 |     7 ||    20
         Trog's Hand       |       |       |       |     7 ||     7
    Use: Scroll            |       |       |     5 |     6 ||    11
         Potion            |       |       |       |     1 ||     1
 Armour: Animal skin       |     5 |       |       |       ||     5
         Chain mail        |    36 |    79 |       |       ||   115
         Plate armour      |       |    93 |   229 |   110 ||   432
  Dodge: Dodged            |    38 |    61 |    94 |    38 ||   231
  Block: Other             |       |       |       |    19 ||    19

Table legend: (Time is in decaauts)
 A = Elapsed time spent in this place.
 B = Non-inter-level travel time spent in this place.
 C = Inter-level travel time spent in this place.
 D = Time resting spent in this place.
 E = Time spent auto-exploring this place.
 F = Levels seen in this place.
 G = Mean time per level.
                   A        B        C        D        E       F      G
               +--------+--------+--------+--------+--------+-----+--------+
         Total |   8970 |   8758 |    212 |   1541 |   5033 |  13 |  690.0 |
       Dungeon |   7414 |   7202 |    212 |   1110 |   4783 |   9 |  823.8 |
         Abyss |    609 |    609 |      0 |      2 |      0 |   3 |  203.0 |
       Ossuary |    946 |    946 |      0 |    429 |    249 |   1 |  946.0 |
               +--------+--------+--------+--------+--------+-----+--------+

Top non-repeatable levels by time:
     D:8: 1346 daAuts
 Ossuary: 946 daAuts
     D:7: 915 daAuts
     D:5: 853 daAuts
     D:4: 831 daAuts
     D:9: 783 daAuts
     D:6: 728 daAuts
     D:2: 692 daAuts
     D:1: 644 daAuts
     D:3: 619 daAuts
 Abyss:3: 495 daAuts
 Abyss:4: 59 daAuts
 Abyss:2: 54 daAuts
